 Dungeon Sprint DCSS version 0.27-a0-1442-g87b6fcb595 (webtiles) character file.

Game seed: 349185646867432263

33119 mhtbhm the Bludgeoner (level 13, -12/133 HPs)
             Began as a Palentonga Berserker on July 4, 2021.
             Was the Champion of Trog.
             Mangled by a jiangshi (20 damage)
             ... summoned by a vampire mage
             ... in the Dungeon (Sprint IX: "|||||||||||||||||||||||||||||").
             The game lasted 00:09:44 (4915 turns).

mhtbhm the Bludgeoner (Palentonga Berserker)        Turns: 4915, Time: 00:09:44

Health: -12/133    AC: 22    Str: 25    XL:     13   Next: 35%
Magic:  13/13      EV: 12    Int: 12    God:    Trog [******]
Gold:   742        SH:  0    Dex: 13    Spells: 12/12 levels left

rFire    + . .     SeeInvis +   a - +7 eveningstar of Melee {venom, Drain rF+ Will+}
rCold    . . .     Faith    .   (no shield)
rNeg     . . .     Spirit   .   b - +0 swamp dragon scales
rPois    +         Reflect  .   x - +0 hat of Nampired {Int+4 SInv}
rElec    .         Harm     .   u - +0 cloak
rCorr    .         Rampage  .   D - +1 pair of gloves
Will     ++...     NoTele   +   (no barding)
Stlth    ++........             (no amulet)
HPRegen  0.32/turn              B - ring of willpower
MPRegen  0.13/turn              m - +3 ring of dexterity

@: hasted, curled up, very quick
A: large, rugged brown scales 3, see invisible, deformed body, roll 1, armoured
tail, reflexive curl
a: Rolling Charge, Renounce Religion, Berserk, Trog's Hand, Brothers in Arms


You were in the Dungeon.
You worshipped Trog.
Trog was exalted by your worship.
You visited 1 branch You collected 1937 gold pieces.
You spent 1195 gold pieces at shops.

Inventory:

Hand Weapons
 a - the +7 eveningstar of Melee (weapon) {venom, Drain rF+ Will+}
   (You bought it in a shop in the Dungeon)

   It poisons the flesh of those it strikes.
   rF:        It protects you from fire.
   Drain:     It drains your maximum health when unequipped.
   Will:      It increases your willpower.
 k - the +6 rapier of Ambiguity {elec, rElec rPois rF+ Str+3}
   (You bought it in a shop in the Dungeon)

   Occasionally, upon striking a foe, it can discharge electrical energy and
   cause terrible harm.
   Str:       It affects your strength (+3).
   rF:        It protects you from fire.
   rElec:     It insulates you from electricity.
   rPois:     It protects you from poison.
 w - the +6 battleaxe "Beetle's Curse" {vorpal, rC++ Dex+3}
   (You bought it in a shop in the Dungeon)

   It inflicts extra damage upon your enemies.
   Dex:       It affects your dexterity (+3).
   rC:        It greatly protects you from cold.
Missiles
 n - 4 boomerangs of dispersal
 y - 2 throwing nets
Armour
 b - +0 swamp dragon scales (worn)
 u - a +0 cloak (worn)
 x - the +0 hat of Nampired (worn) {Int+4 SInv}
   (You bought it in a shop in the Dungeon)

   Int:       It affects your intelligence (+4).
   SInv:      It lets you see invisible.
 D - a +1 pair of gloves (worn)
Jewellery
 m - a +3 ring of dexterity (right hand)
 B - a ring of willpower (left hand)
Wands
 j - a wand of acid (2)
 o - a wand of flame (5)
Scrolls
 h - a scroll of blinking
 p - 3 scrolls of enchant weapon
 r - 4 scrolls of identify
 s - 4 scrolls of enchant armour
Potions
 c - 7 potions of curing
 d - 6 potions of heal wounds
 e - a potion of haste
 f - 4 potions of magic
 g - a potion of berserk rage
 i - a potion of invisibility
 l - a potion of might
 t - a potion of mutation
Miscellaneous
 q - a piece from Xom's chessboard (15/15)


   Skills:
 + Level 19.1 Fighting
 + Level 19.9 Maces & Flails
 + Level 14.7 Armour
 + Level 9.3 Dodging
 + Level 4.0 Stealth
 + Level 4.4 Evocations


You had 12 spell levels left.
You didn't know any spells.
Your spell library was empty.

Dungeon Overview and Level Annotations

Branches:
Dungeon (1/1)

Altars:
Cheibriados
Dithmenos
Elyvilon
Fedhas
Gozag
Hepliaklqana
Kikubaaqudgha
Makhleb
Nemelex Xobeh
Okawaru
Qazlal
Ru
Sif Muna
Trog
Uskayaw
Vehumet
Wu Jian
Xom
Yredelemnul
Zin
The Shining One
Beogh
Jiyva
Lugonu

Shops:
D (([(


Innate Abilities, Weirdness & Mutations

You are completely covered in rugged brown scales. (AC +3, +7% HP)
You have supernaturally acute eyesight. (SInv)
Armour fits poorly on your strangely shaped body.
You can roll at nearby foes to attack.
You have a long armoured tail.
You curl defensively after being hit.


Message History

The spark wasp stings you! The spark wasp shocks you!
* * * LOW HITPOINT WARNING * * *
Unknown command.
You closely miss the spark wasp.
You tail-slap the spark wasp, but do no damage.
The spark wasp is moderately wounded.
The spark wasp completely misses you.
Unknown command.
You bludgeon the spark wasp!!
The spark wasp is severely wounded.
The jiangshi claws your iron troll. x2; The spark wasp stings you!
* * * LOW HITPOINT WARNING * * *
The spark wasp shocks you!
* * * LOW HITPOINT WARNING * * *
A fire dragon comes into view.
Unknown command.
You feel much better.
Your iron troll is engulfed in freezing vapours.
Your iron troll bites the spark wasp.
Your iron troll claws the spark wasp! x2
The spark wasp dies!
Trog accepts your kill.
Your Stealth skill increases to level 4!
Unknown command.
The jiangshi claws your iron troll!!
The jiangshi claws your iron troll but does no damage.
Your iron troll is engulfed in freezing vapours.
Your iron troll dies!
Your iron troll's corpse disappears in a puff of smoke!
You feel yourself speed up. The jiangshi claws you!
* * * LOW HITPOINT WARNING * * *
The jiangshi draws strength from your injuries!
The jiangshi claws you but does no damage.
The jiangshi claws you!!
* * * LOW HITPOINT WARNING * * *
The jiangshi draws strength from your injuries!
The jiangshi claws you.
* * * LOW HITPOINT WARNING * * *
The jiangshi draws strength from your injuries!
The jiangshi claws you!!
You die...

▓▓▓▓▓▓▓▓▓▓▓▓▓▓▓▓▓▓▓▓▓▓▓▓▓
yV...D'.D)..[..D.zVV....▓
▓▓▓▓▓▓▓▓▓▓▓▓▓▓▓▓▓▓▓▓▓▓▓▓▓▓▓.▓
............@V..............▓
▓▓▓♣♣♣♣♣♣♣.♣♣▓▓▓▓▓▓▓▓▓▓▓▓▓▓▓▓
+.......÷÷)...............▓
▓▓▓▓▓▓▓♣♣♣♣♣♣♣♣♣♣▓▓▓▓▓▓▓▓▓▓▓▓▓▓.▓
....)...........................▓
▓▓▓▓▓▓▓▓▓▓▓▓▓▓▓▓▓▓▓▓▓▓▓▓▓▓▓▓▓▓▓▓▓
[[=[[[[[.)))))))).....'.........▓
▓▓▓▓▓▓▓▓▓▓▓▓▓▓▓▓▓▓▓▓▓▓▓▓▓▓▓▓▓▓▓.▓
.............))..)).............▓


You could see a jiangshi (summoned).

Vanquished Creatures
  A fire giant (D)
  A stone giant (D)
  Josephine (D)
  A fire dragon (D)
  2 hydras (D)
  Harold (D)
  A catoblepas (D)
  An ice dragon (D)
  2 tengu warriors (D)
  An alligator (D)
  4 orc high priests (D)
  A spriggan druid (D)
  A goliath frog (D)
  A bog body (D)
  6 orc knights (D)
  An orc sorcerer (D)
  A cyclops (D)
  A faun (shapeshifter) (D)
  2 ugly things (D)
  A manticore (D)
  An elephant (D)
  5 cane toads (D)
  A rime drake (D)
  An unseen horror (D)
  Psyche (D)
  A komodo dragon (D)
  2 kobold demonologists (D)
  A troll (D)
  4 tyrant leeches (D)
  2 blink frogs (D)
  3 slime creatures (D)
  Eustachio (D)
  4 wraiths (D)
  2 yaks (D)
  A basilisk (D)
  A steam dragon (D)
  2 vampire mosquitoes (D)
  3 water moccasins (D)
  5 orc warriors (D)
  2 ogres (D)
  A wolf (D)
  A phantom (D)
  2 bullfrogs (D)
  A howler monkey (D)
  2 orc priests (D)
  6 orc wizards (D)
  2 orcs (D)
  A bat (D)
  A bat skeleton (D)
  A giant cockroach (D)
  A goblin (D)
  A hobgoblin (D)
  A ball python zombie (D)
  A rat (D)
96 creatures vanquished.

Vanquished Creatures (collateral kills)
  2 frost giants (D)
  A spark wasp (D)
  2 ettins (D)
  An eleionoma (D)
  2 fire dragons (D)
  A great orb of eyes (D)
  A ghost crab (D)
  4 orc high priests (D)
  A vampire mage (D)
  5 orc knights (D)
  A troll (D)
  3 orc warriors (D)
  An orc wizard (D)
25 creatures vanquished.

Vanquished Creatures (others)
  A hydra (D)
  A will-o-the-wisp (D)
  A foxfire (D)
3 creatures vanquished.

Grand Total: 124 creatures vanquished

Notes
Turn   | Place    | Note
-------+----------+-------------------------------------------
     0 | D        | mhtbhm the Palentonga Berserker began the quest for the
                  | Orb.
     0 | D        | Reached XP level 1. HP: 19/19 MP: 1/1
    17 | D        | Reached ** piety under Trog
   210 | D        | Noticed a phantom
   210 | D        | Noticed an ogre
   210 | D        | Noticed an ogre
   216 | D        | Killed an ogre
   217 | D        | Reached XP level 2. HP: 29/29 MP: 2/2
   217 | D        | Reached XP level 3. HP: 36/36 MP: 3/3
   217 | D        | Reached XP level 4. HP: 42/42 MP: 4/4
   218 | D        | Killed an ogre
   218 | D        | Reached *** piety under Trog
   219 | D        | Reached XP level 5. HP: 51/51 MP: 5/5
   224 | D        | Killed a phantom
   225 | D        | Reached **** piety under Trog
   344 | D        | Found a snail-covered altar of Cheibriados.
   344 | D        | Found a shadowy altar of Dithmenos.
   344 | D        | Found a white marble altar of Elyvilon.
   344 | D        | Found a blossoming altar of Fedhas.
   344 | D        | Found an opulent altar of Gozag.
   345 | D        | Found a hazy altar of Hepliaklqana.
   346 | D        | Found a viscous altar of Jiyva.
   347 | D        | Found an ancient bone altar of Kikubaaqudgha.
   348 | D        | Found a corrupted altar of Lugonu.
   349 | D        | Found a burning altar of Makhleb.
   350 | D        | Found a sparkling altar of Nemelex Xobeh.
   351 | D        | Found an iron altar of Okawaru.
   352 | D        | Found a stormy altar of Qazlal.
   353 | D        | Found a sacrificial altar of Ru.
   354 | D        | Found a shimmering blue altar of Sif Muna.
   355 | D        | Found a bloodstained altar of Trog.
   356 | D        | Found a hide-covered altar of Uskayaw.
   357 | D        | Found a radiant altar of Vehumet.
   358 | D        | Found an ornate altar of the Wu Jian Council.
   359 | D        | Found a shimmering altar of Xom.
   360 | D        | Found a basalt altar of Yredelemnul.
   361 | D        | Found a glowing silver altar of Zin.
   362 | D        | Found a glowing golden altar of the Shining One.
   413 | D        | Noticed an orc warrior
   413 | D        | Noticed a yak
   413 | D        | Noticed a yak
   413 | D        | Noticed a kobold demonologist
   413 | D        | Noticed a kobold demonologist
   416 | D        | Killed a kobold demonologist
   417 | D        | Reached skill level 10 in Maces & Flails
   417 | D        | Reached XP level 6. HP: 62/62 MP: 6/6
   420 | D        | Killed a kobold demonologist
   421 | D        | Reached skill level 10 in Fighting
   421 | D        | Gained mutation: You curl defensively after being hit.
                  | [Palentonga growth]
   421 | D        | Reached XP level 7. HP: 70/70 MP: 7/7
   423 | D        | Killed a yak
   424 | D        | Reached skill level 5 in Dodging
   430 | D        | Killed a yak
   430 | D        | Reached ***** piety under Trog
   431 | D        | Reached skill level 5 in Armour
   431 | D        | Reached skill level 1 in Stealth
   431 | D        | Reached XP level 8. HP: 79/79 MP: 8/8
   494 | D        | Noticed a manticore
   494 | D        | Noticed a troll
   494 | D        | Noticed a tengu warrior
   494 | D        | Noticed an unseen horror
   494 | D        | Noticed a troll
   494 | D        | Noticed a faun
   499 | D        | Killed a faun
   506 | D        | Killed a troll
   509 | D        | Killed an unseen horror
   509 | D        | Received a gift from Trog
   510 | D        | Reached XP level 9. HP: 60/87 MP: 9/9
   515 | D        | Killed a tengu warrior
   520 | D        | Killed a troll
   525 | D        | Killed a manticore
   824 | D        | Noticed a cane toad
   824 | D        | Noticed a cane toad
   824 | D        | Noticed a cane toad
   824 | D        | Noticed a seven-headed hydra
   828 | D        | Killed a seven-headed hydra
   829 | D        | Reached skill level 15 in Maces & Flails
   836 | D        | Reached XP level 10. HP: 98/98 MP: 10/10
   837 | D        | Noticed a catoblepas
   838 | D        | Killed a cane toad
   840 | D        | Killed a cane toad
   907 | D        | Killed a cane toad
   918 | D        | Killed a catoblepas
   918 | D        | Received a gift from Trog
  1188 | D        | Noticed a seven-headed hydra
  1188 | D        | Noticed an elephant
  1188 | D        | Noticed a cane toad
  1194 | D        | Killed a cane toad
  1347 | D        | Killed an elephant
  1351 | D        | Noticed a cane toad
  1361 | D        | Received a gift from Trog
  1364 | D        | Killed a seven-headed hydra
  1364 | D        | Reached ****** piety under Trog
  1365 | D        | Reached XP level 11. HP: 108/108 MP: 11/11
  1485 | D        | Received a gift from Trog
  1504 | D        | Reached skill level 15 in Fighting
  1771 | D        | Noticed an orc knight
  1771 | D        | Noticed an orc knight
  1788 | D        | Killed an orc knight
  1789 | D        | Reached skill level 10 in Armour
  1888 | D        | Killed an orc knight
  1888 | D        | Received a gift from Trog
  2271 | D        | Reached skill level 1 in Evocations
  2289 | D        | Received a gift from Trog
  2317 | D        | Noticed an orc sorcerer
  2317 | D        | Noticed an orc knight
  2317 | D        | Noticed an orc knight
  2325 | D        | Killed an orc knight
  2326 | D        | Noticed a sixfirhy
  2334 | D        | Killed an orc knight
  2335 | D        | Noticed an orc knight
  2349 | D        | Killed an orc sorcerer
  2353 | D        | Killed an orc knight
  2356 | D        | Noticed an orc knight
  2356 | D        | Received a gift from Trog
  2360 | D        | Killed an orc knight
  2392 | D        | Received a gift from Trog
  2596 | D        | Found Wumupun's Antique Weapon Boutique.
  2596 | D        | Noticed an orc knight
  2596 | D        | Noticed an orc knight
  2596 | D        | Noticed an orc knight
  2596 | D        | Noticed an orc high priest
  2596 | D        | Noticed an orc high priest
  2597 | D        | Noticed an orc high priest
  2602 | D        | Killed an orc high priest
  2607 | D        | Noticed an orc high priest
  2608 | D        | Found Icaroba's Armour Shop.
  2613 | D        | Killed an orc high priest
  2619 | D        | Noticed a sun demon
  2619 | D        | Killed an orc knight
  2620 | D        | Noticed an orc high priest
  2624 | D        | Killed an orc knight
  2626 | D        | Killed an orc knight
  2627 | D        | Killed an orc high priest
  2627 | D        | Received a gift from Trog
  2629 | D        | Killed an orc high priest
  2630 | D        | Reached XP level 12. HP: 37/120 MP: 12/12
  2631 | D        | Killed an orc high priest
  2632 | D        | Noticed an orc high priest
  2635 | D        | Killed an orc high priest
  2680 | D        | Noticed an orc high priest
  2700 | D        | Killed an orc high priest
  2812 | D        | Received a gift from Trog
  2930 | D        | Noticed an orc high priest
  2941 | D        | Killed an orc high priest
  3014 | D        | Found Toyn's Antique Weapon Boutique.
  3018 | D        | Found Yreetiyc's Antique Weapon Shop.
  3040 | D        | Bought an ebony eveningstar for 520 gold pieces
  3040 | D        | Identified the +7 eveningstar of Melee {venom, Drain rF+
                  | Will+} (You bought it in a shop in the Dungeon)
  3043 | D        | Bought a masterwork battleaxe for 218 gold pieces
  3043 | D        | Identified the +6 battleaxe "Beetle's Curse" {vorpal, rC++
                  | Dex+3} (You bought it in a shop in the Dungeon)
  3045 | D        | Bought the +0 hat of Nampired {Int+4 SInv} for 259 gold
                  | pieces
  3058 | D        | Bought a jewelled rapier for 198 gold pieces
  3058 | D        | Identified the +6 rapier of Ambiguity {elec, rElec rPois
                  | rF+ Str+3} (You bought it in a shop in the Dungeon)
  3131 | D        | Noticed Psyche
  3132 | D        | Noticed Harold
  3137 | D        | Killed Harold
  3142 | D        | Killed Psyche
  3147 | D        | Noticed Josephine
  3152 | D        | Received a gift from Trog
  3156 | D        | Killed Josephine
  3410 | D        | Noticed a tengu warrior
  3424 | D        | Received a gift from Trog
  3427 | D        | Killed a tengu warrior
  3428 | D        | Noticed a fire dragon
  3428 | D        | Noticed a vampire mage
  3439 | D        | Noticed a frost giant
  3445 | D        | Killed a fire dragon
  3447 | D        | Noticed a fire dragon
  3450 | D        | Killed a frost giant
  3451 | D        | Killed a vampire mage
  3451 | D        | Received a gift from Trog
  3453 | D        | Killed a fire dragon
  3454 | D        | Noticed a great orb of eyes
  3456 | D        | Killed a great orb of eyes
  3479 | D        | Noticed an ice dragon
  3675 | D        | Killed an ice dragon
  3995 | D        | Noticed a fire giant
  3998 | D        | Noticed a stone giant
  4001 | D        | Killed a fire giant
  4002 | D        | Reached XP level 13. HP: 63/132 MP: 13/13
  4008 | D        | Killed a stone giant
  4008 | D        | Received a gift from Trog
  4427 | D        | Noticed Eustachio
  4435 | D        | Killed Eustachio
  4488 | D        | Noticed an eleionoma
  4490 | D        | Received a gift from Trog
  4511 | D        | Killed an eleionoma
  4870 | D        | Noticed a spark wasp
  4870 | D        | Noticed a fire dragon
  4870 | D        | Noticed an ettin
  4870 | D        | Noticed an ettin
  4870 | D        | Noticed a frost giant
  4873 | D        | Killed a frost giant
  4873 | D        | Received a gift from Trog
  4875 | D        | Killed an ettin
  4876 | D        | Killed an ettin
  4885 | D        | Killed a fire dragon
  4891 | D        | Noticed a jiangshi
  4893 | D        | Noticed a fire dragon
  4894 | D        | Killed a spark wasp
  4915 | D        | Mangled by a jiangshi

Illustrated notes

Levels and vault maps discovered:
D:        linesprint [early_d, line_temple, items_1, d_10, items_2, lair_1,
          lair_end, items_3, orc_1, orc_end, items_4, d_15, swamp_1, shoals_1,
          snake_1, spider_1, d_20, vaults_1, items_5, swamp_end, shoals_end,
          snake_end, spider_end, vaults_end, d_27, items_6, zot_1, zot_end,
          crypt_end, forest_end, elf_end, slime_end, tomb_end, abyss_end,
          pan_hell_end]

Skill      XL: |  1  2  3  4  5  6  7  8  9 10 11 12 13 |
---------------+----------------------------------------+-----
Fighting       | 6 7 9 10 11 13 14 16 18 19 | 19.1
Maces & Flails | 6 7 10 11 13 15 16 17 19 | 19.9
Armour         | 2 3 4 5 7 9 12 14 | 14.7
Dodging        | 2 3 4 5 6 7 8 9 |  9.3
Stealth        | 1 2 3 4 |  4.0
Evocations     | 1 3 4 |  4.4

Action                   |  1- 3 |  4- 6 |  7- 9 | 10-12 | 13-15 || total
-------------------------+-------+-------+-------+-------+-------++-------
Melee: Mace              |    21 |     9 |       |       |       ||    30
       Tailslap          |     1 |     3 |     8 |    46 |     3 ||    61
       Dire flail        |       |     5 |    48 |   213 |       ||   266
       Eveningstar       |       |       |       |    60 |    26 ||    86
Invok: Berserk           |     2 |     1 |     2 |    12 |     2 ||    19
       Brothers in Arms  |       |       |     1 |     5 |     2 ||     8
 Abil: Rolling Charge    |       |       |       |     2 |     1 ||     3
Evoke: Wand              |       |       |     1 |     7 |       ||     8
       Piece from Xom's  |       |       |       |     1 |       ||     1
  Use: Potion            |       |       |     1 |     1 |     4 ||     6
       Scroll            |       |       |       |     2 |     1 ||     3
Armor: Animal skin       |     5 |       |       |       |       ||     5
       Chain mail        |       |     3 |     9 |    60 |       ||    72
       Swamp dragon scal |       |       |       |    13 |     7 ||    20
Dodge: Dodged            |    10 |     2 |     8 |    62 |    15 ||    97

Table legend: (Time is in decaauts)
 A = Elapsed time spent in this place.
 B = Non-inter-level travel time spent in this place.
 C = Inter-level travel time spent in this place.
 D = Time resting spent in this place.
 E = Time spent auto-exploring this place.
 F = Levels seen in this place.
 G = Mean time per level.
                   A        B        C        D        E       F      G
               +--------+--------+--------+--------+--------+-----+--------+
         Total |   4928 |   4928 |      0 |   2663 |   1017 |   1 | 4928.0 |
       Dungeon |   4928 |   4928 |      0 |   2663 |   1017 |   1 | 4928.0 |
               +--------+--------+--------+--------+--------+-----+--------+

Top non-repeatable levels by time:
       D: 4928 daAuts
